 Dungeon Crawl Stone Soup version 0.31-a0-354-g827e0957a7 (webtiles) character file.

Game seed: 13610638658813394824

38 randomguy2701 the Trooper (level 3, -4/33 HPs)
             Began as a Hill Orc Fighter on July 24, 2023.
             Slain by a gnoll
             ... wielding a +0 whip
              (8 damage)
             ... on level 1 of the Dungeon.
             The game lasted 00:00:56 (735 turns).

randomguy2701 the Trooper (Hill Orc Fighter)         Turns: 735, Time: 00:00:57

Health: -4/33      AC:  6    Str: 20    XL:     3   Next: 43%
Magic:  3/3        EV:  9    Int:  8    God:
Gold:   45         SH:  4    Dex: 10    Spells: 2/2 levels left

rFire   . . .        a - +0 war axe
rCold   . . .        c - +0 buckler
rNeg    . . .        b - +0 scale mail
rPois   .            (no helmet)
rElec   .            (no cloak)
rCorr   .            (no gloves)
SInv    .            (no boots)
Will    .....        (no amulet) Stlth
                     (no ring)
HPRegen 0.25/turn    (no ring)
MPRegen 0.08/turn

%: no passive effects
@: no status effects
A: no striking features
a: no special abilities


You were on level 1 of the Dungeon.
You visited 1 branch of the dungeon, and saw 2 of its levels.

You collected 45 gold pieces.

Inventory:

Hand Weapons
 a - a +0 war axe (weapon)
Armour
 b - a +0 scale mail (worn)
 c - a +0 buckler (worn)
Scrolls
 g - a scroll of immolation {unknown}
 i - a scroll of teleportation {unknown}
 k - 3 scrolls of vulnerability {unknown}
 l - a scroll of torment {unknown}
 m - 3 scrolls of identify {unknown}
Potions
 d - a potion of might
 e - a potion of brilliance {unknown}
 f - a potion of degeneration {unknown}
 h - 2 potions of curing {unknown}
 j - a potion of enlightenment {unknown}
 n - 2 potions of magic {unknown}


   Skills:
 + Level 4.2 Fighting
 + Level 3.8 Axes
 + Level 3.3 Armour
 + Level 3.7 Shields


You had 2 spell levels left.
You didn't know any spells.
Your spell library was empty.

Dungeon Overview and Level Annotations

Branches:
Dungeon (2/15)

Altars:


Message History

The adder bites you but does no damage. The rat bites you but does no damage.
There are monsters nearby!
You closely miss the adder. You slash the rat!
You kill the rat!
The adder bites you but does no damage. The adder bites you.
You slash the adder!
You kill the adder!
A gnoll comes into view. It is wielding a +0 halberd.
Your Fighting skill increases to level 4!
You have reached level 3!
Your experience leads to an increase in your attributes!
Increase (S)trength, (I)ntelligence, or (D)exterity?
You feel stronger. x2
A gnoll comes into view. It is wielding a +0 whip.
An endoplasm comes into view.
The gnoll hits you but does no damage.
The endoplasm quivers.
You hit the gnoll.
The gnoll is lightly wounded.
You closely miss the gnoll. The gnoll hits you with a +0 whip.
You hit the gnoll.
The gnoll is moderately wounded.
You closely miss the gnoll. The gnoll hits you with a +0 whip.
The gnoll hits you but does no damage.
You slash the gnoll!
You kill the gnoll!
You hit the gnoll but do no damage. The gnoll barely misses you.
The gnoll hits you from afar with a +0 halberd!
The gnoll hits you with a +0 whip.
* * * LOW HITPOINT WARNING * * *
The gnoll closely misses you. The gnoll attacks as you move away!
The gnoll hits you with a +0 whip!
* * * LOW HITPOINT WARNING * * *
There is an open door, spattered with blood here.
There is an escape hatch in the ceiling here.
The gnoll closely misses you. A mysterious force pulls you upwards.
The hatch slams shut behind you. The gnoll attacks as you move away!
The gnoll hits you but does no damage. The gnoll attacks as you move away!
The gnoll hits you with a +0 whip!
You die...

#.#########...#.##.....####.#
....# ###.#.#..#####....#
....# #......### #.##.#
###.#### ###........###.#..#
..#....####...####.........##
#......##≈≈~~~≈≈≈#.....#..##
###÷##.####...####.....#.##
.##.##.## #............#.#
..#.....# ##....@g....#..#
#.......## ##...##...##.##
#####....# #.#.....###.#
#....## #.#..#####'.#
######.#..###....#≈...###
≈≈............##.#≈...#
≈......≈....#.####≈...#
.#....~≈.......###≈...#
.....~≈..)..##...#≈≈≈≈#


You could see a gnoll.

Vanquished Creatures
  A gnoll (D:2)
  An adder (D:2)
  2 ball pythons (D:1)
  2 bats (D:1)
  3 endoplasms (D:1)
  2 hobgoblins (D:1)
  A kobold (D:1)
  2 quokkas (D:1)
  2 frilled lizards (D:1)
  3 rats
19 creatures vanquished.

Notes
Turn   | Place    | Note
-------+----------+-------------------------------------------
     0 | D:1      | randomguy2701 the Hill Orc Fighter began the quest for the
                  | Orb.
     0 | D:1      | Reached XP level 1. HP: 19/19 MP: 1/1
   212 | D:1      | Reached XP level 2. HP: 27/27 MP: 2/2
   718 | D:2      | Reached skill level 4 in Fighting
   718 | D:2      | Reached XP level 3. HP: 30/33 MP: 3/3
   722 | D:2      | HP: 1/33 [gnoll/+0 whip (8)]
   735 | D:1      | Slain by a gnoll

Illustrated notes

Levels and vault maps discovered:
D:1:      minmay_arrival_split_and_join, layout_rooms, serial_rivers,
          chequers_serial_rivers_small_3, chequers_serial_rivers_room_a,
          chequers_serial_rivers_small_b, chequers_serial_rivers_micro_a,
          chequers_serial_rivers_room_b, chequers_serial_rivers_small_b
D:2:      layout_basic, nicolae_ecumenical_snake_handling,
          kennysheep_generic_room_4

Skill      XL: |  1  2 |
---------------+-------+-----
Axes           | 3 |  3.8
Fighting       | 4 |  4.2
Armour         | |  3.3
Shields        | |  3.7

Action                     || total
---------------------------++-------
  Melee: War axe           ||    40
 Armour: Scale mail        ||    25
  Dodge: Dodged            ||    17
  Block: Buckler           ||    10

Table legend: (Time is in decaauts)
 A = Elapsed time spent in this place.
 B = Non-inter-level travel time spent in this place.
 C = Inter-level travel time spent in this place.
 D = Time resting spent in this place.
 E = Time spent auto-exploring this place.
 F = Levels seen in this place.
 G = Mean time per level.
                   A        B        C        D        E       F      G
               +--------+--------+--------+--------+--------+-----+--------+
         Total |    756 |    731 |     25 |      0 |    598 |   2 |  378.0 |
       Dungeon |    756 |    731 |     25 |      0 |    598 |   2 |  378.0 |
               +--------+--------+--------+--------+--------+-----+--------+

Top non-repeatable levels by time:
     D:1: 718 daAuts
     D:2: 37 daAuts
